 Dungeon Crawl Stone Soup version 0.21-a0-110-g8e1637b (webtiles) character file.

142 tilp the Firebug (level 5, 0/38 HPs)
             Began as a Hill Orc Fire Elementalist on July 9, 2017.
             Slain by an orc
             ... wielding a +0 dagger
              (3 damage)
             ... on level 3 of the Dungeon.
             The game lasted 00:09:31 (3089 turns).

tilp the Firebug (Hill Orc Fire Elementalist)       Turns: 3089, Time: 00:09:31

Health: 0/38       AC:  3    Str: 11    XL:     5   Next: 24%
Magic:  0/9        EV: 12    Int: 16    God:
Gold:   125        SH:  0    Dex: 11    Spells: 4/10 levels left

rFire    . . .     SeeInvis .   k - +0 dagger
rCold    . . .     Gourm    .   (no shield)
rNeg     . . .     Faith    .   a - +0 robe
rPois    .         Spirit   .   m - +1 hat
rElec    .         Reflect  .   (no cloak)
rCorr    .         Harm     .   (no gloves)
MR       .....                  (no boots)
Stlth    ++........             (no amulet)
HPRegen  0.12/turn              (no ring)
MPRegen  0.11/turn              (no ring)

@: very slightly contaminated
A: no striking features
a: no special abilities


You were on level 3 of the Dungeon.
You were not hungry.

You visited 1 branch of the dungeon, and saw 3 of its levels.

You collected 125 gold pieces.

Inventory:

Hand Weapons
 k - a +0 dagger (weapon)
Missiles
 d - 80 stones (quivered)
Armour
 a - a +0 robe (worn)
 m - a +1 hat (worn)
Scrolls
 e - a scroll of blinking {unknown}
 f - 3 scrolls of remove curse {unknown}
 i - a scroll of amnesia {unknown}
 j - 4 scrolls of identify {unknown}
 p - a scroll of teleportation {unknown}
 q - a scroll of fear {unknown}
Potions
 h - a potion of magic {unknown}
 n - a potion of cancellation
 o - a potion of brilliance {unknown}
Books
 b - a book of Flames

   Spells                             Type                      Level
   a - Flame Tongue                   Conjuration/Fire             1
   b - Throw Flame                    Conjuration/Fire             2
   c - Conjure Flame                  Conjuration/Fire             3
   d - Inner Flame                    Hexes/Fire                   3
   e - Sticky Flame                   Conjuration/Fire             4
   f - Fireball                       Conjuration/Fire             5
Comestibles
 c - a bread ration
 g - a chunk of flesh
 l - 5 fruits


   Skills:
 - Level 1.5 Dodging
 - Level 1.5 Stealth
 - Level 3.2 Spellcasting
 + Level 3.1 Conjurations
 - Level 3.2 Fire Magic


You had 4 spell levels left.
You knew the following spells:

 Your Spells              Type           Power        Failure   Level  Hunger
a - Flame Tongue          Conj/Fire      ##...        4%          1    None
b - Throw Flame           Conj/Fire      ##....       8%          2    ##.....
c - Conjure Flame         Conj/Fire      ##......     14%         3    ###....


Dungeon Overview and Level Annotations

Branches:
Dungeon (3/15)

Altars:

Annotations:
D:2 Sigmund
D:3 Ijyb


Message History

Aim: an orc, wielding a dagger and wearing a chain mail The flame tongue hits the orc.
The orc is severely wounded.
The orc hits you but does no damage.
You hit the orc but do no damage.
The orc is severely wounded.
The orc hits you with a dagger.
Unknown command.
You closely miss the orc.
The orc is severely wounded.
The orc hits you with a dagger.
* * * LOW HITPOINT WARNING * * *
You hit the orc.
The orc is almost dead.
The orc hits you with a dagger!
* * * LOW HITPOINT WARNING * * *
You closely miss the orc.
The orc is almost dead.
The orc hits you with a dagger.
You die...

# ###
#.#############
............>.####
....######o....(.#
)...# #)##.##o#
#.### ##.##.##@#
#.# #.....##.# #.#
#..#####.# #+#
#..#####.# .
#.o......# o..
#..###.### ...
#...##.# ...
###....#.###


ooo +........... You could see an orc.

Vanquished Creatures
  An orc priest (D:3)
  5 adders
  A worm (D:2)
  A dart slug (D:1)
  4 leopard geckos
  A giant cockroach (D:1)
  7 goblins
  13 hobgoblins
  4 jackals (D:1)
  A quokka (D:2)
  4 bats
  4 frilled lizards
  6 kobolds
  6 rats
58 creatures vanquished.

Notes
Turn   | Place    | Note
-------+----------+-------------------------------------------
     0 | D:1      | tilp the Hill Orc Fire Elementalist began the quest for the Orb.
     0 | D:1      | Reached XP level 1. HP: 14/14 MP: 3/3
   103 | D:1      | Reached XP level 2. HP: 14/20 MP: 0/5
   547 | D:1      | Learned a level 2 spell: Throw Flame
   964 | D:1      | Reached XP level 3. HP: 9/26 MP: 0/6
   975 | D:1      | Learned a level 3 spell: Conjure Flame
  1771 | D:2      | Noticed Sigmund
  1896 | D:2      | Reached XP level 4. HP: 31/33 MP: 3/8
  3036 | D:3      | Noticed Ijyb
  3083 | D:3      | Reached XP level 5. HP: 18/38 MP: 2/9
  3089 | D:3      | Slain by an orc

Vault maps used:
D:1:      dpeg_arrival_simpleton_a
D:2:      wad_floor_pattern_1, minmay_tromino_v2, uniq_sigmund
D:3:      saegor_snake_ambush, uniq_ijyb

Skill      XL: |  1  2  3  4 |
---------------+-------------+-----
Spellcasting   | 2 3 |  3.2
Conjurations   | 3 |  3.1
Dodging        | |  1.5
Stealth        | |  1.5
Fire Magic     | |  3.2

Action                   |  1- 3 |  4- 6 || total
-------------------------+-------+-------++-------
Melee: Club              |    24 |       ||    24
       Dagger            |    71 |    63 ||   134
 Cast: Flame Tongue      |    36 |    32 ||    68
       Throw Flame       |       |     1 ||     1
  Use: Potion            |       |     3 ||     3
 Stab: Sleeping          |     3 |     3 ||     6
  Eat: Chunk             |     1 |     4 ||     5
       Royal jelly       |     1 |       ||     1
Armor: Robe              |    29 |     9 ||    38
Dodge: Dodged            |    64 |    41 ||   105
